 Dungeon Crawl Stone Soup version 0.28-a0-48-gfd831c5874 (webtiles) character file.

Game seed: 17231344737230155562

1281 Wyvernaa the Grappler (level 8, -1/75 HPs)
             Began as a Troll Monk on July 30, 2021.
             Was a Follower of Ru.
             Slain by a sky beast (6 damage)
             ... on level 6 of the Dungeon.
             The game lasted 00:13:39 (4142 turns).

Wyvernaa the Grappler (Troll Monk)                  Turns: 4142, Time: 00:13:39

Health: -1/75      AC:  4    Str: 22    XL:     8   Next: 29%
Magic:  7/7        EV: 11    Int:  6    God:    Ru [*.....]
Gold:   296        SH:  0    Dex: 12    Spells: 7/7 levels left

rFire   . . .      SeeInvis .     - Unarmed
rCold   . . .      Faith    .   (no shield)
rNeg    . . .      Spirit   .   a - +0 robe
rPois   .          Reflect  .   (helmet restricted)
rElec   .          Harm     .   (no cloak)
rCorr   .          Rampage  .   (gloves unavailable)
Will    .....                   (boots unavailable)
Stlth   ++........              (no amulet)
HPRegen 1.22/turn               l - ring of flight
MPRegen 0.10/turn               (no ring)

@: lethally poisoned (-1 -> -24), flying
A: large, unfitting armour, claws 3, regeneration 1, shaggy fur 1, tough skin 1,
inability to train armour
a: Renounce Religion


You were on level 6 of the Dungeon.
You worshipped Ru.
Ru was aware of your devotion.
You visited 2 branches of the dungeon, and saw 7 of its levels.

You collected 296 gold pieces.

Inventory:

Armour
 a - a +0 robe (worn)
Jewellery
 l - a ring of flight (left claw)
Wands
 n - a wand of polymorph (5)
 o - a wand of flame (16)
Scrolls
 g - 2 scrolls of magic mapping
 h - a scroll of teleportation
 j - a scroll of immolation
 k - a scroll of identify
Potions
 b - 5 potions of curing
 c - a potion of brilliance
 d - a potion of haste
 e - a potion of lignification
 f - a potion of flight {unknown}
 i - a potion of might {unknown}
 m - a potion of mutation {unknown}


   Skills:
 + Level 3.1 Fighting
 * Level 4.1 Dodging
 + Level 2.2 Stealth
 * Level 8.8 Unarmed Combat


You had 7 spell levels left.
You didn't know any spells.
Your spell library contained the following spells:

 Spells                   Type           Power      Damage    Failure   Level
 Conjure Flame            Conj/Fire      0%         6-21      83%         3
 Ignite Poison            Fire/Tmut/Pois 0%         N/A       83%         3
 Sticky Flame             Conj/Fire      0%         2d3       99%         4


Dungeon Overview and Level Annotations

Branches:
Dungeon (6/15)             Temple (1/1) D:5

Altars:
Ashenzari
Cheibriados
Dithmenos
Elyvilon
Fedhas
Hepliaklqana
Kikubaaqudgha
Makhleb
Nemelex Xobeh
Okawaru
Qazlal
Ru
Sif Muna
Trog
Uskayaw
Vehumet
Wu Jian
Xom
Yredelemnul
Zin
The Shining One

Shops:
D:5 *


Innate Abilities, Weirdness & Mutations

You are too large for most types of armour.
You have claws for hands.
Your natural rate of healing is unusually fast.
You are covered in fur. (AC +1)
You have tough skin. (AC +1)
You cannot train Armour skill.


Message History

The water moccasin poisons you! Something hits you. Something shocks you.
You closely miss the water moccasin.
The water moccasin is moderately wounded.
You feel very sick.
The water moccasin bites you but does no damage.
You barely miss the water moccasin.
The water moccasin is moderately wounded.
You feel sick.
The water moccasin completely misses you.
Something hits you. Something shocks you.
You barely miss the water moccasin.
The water moccasin is moderately wounded.
You feel sick.
The water moccasin bites you but does no damage.
Something hits you. Something shocks you. The water moccasin bites you.
You are more poisoned.
The water moccasin poisons you!
You barely miss the water moccasin.
The water moccasin is moderately wounded.
You feel very sick. Something hits you. Something shocks you.
The water moccasin bites you.
You are more poisoned.
The water moccasin poisons you!
You miss the water moccasin.
The water moccasin is moderately wounded.
You feel very sick.
The water moccasin bites you but does no damage.
Something hits you. Something shocks you.
* * * LOW HITPOINT WARNING * * *
You claw the water moccasin!
The water moccasin is almost dead.
* * * LOW HITPOINT WARNING * * *
You feel very sick. The water moccasin bites you.
* * * LOW HITPOINT WARNING * * *
You are more poisoned.
The water moccasin poisons you! Something hits you.
* * * LOW HITPOINT WARNING * * *
Something shocks you.
You die...

.. ..#>...## .#. ##
#.##.#.....##..
.##............. .. ##. ..
...>.........# ..#
..###.###...........#
...##......##...##......#
#.......#......###?.....#...
#............................
#..............S@..†.##......
.............................
#.!..........................
.........<.....#.#.†..###....
...#...###.##..#.#....# .)..
.......####...##.#....# #..
#.............##.##../.#
#.....†.....#.#...#....#
#.............##.####....


You could see a water moccasin.

Vanquished Creatures
  3 water moccasins (D:5)
  A sky beast (D:5)
  A black bear (D:4)
  An ice beast (D:6)
  An ogre (D:6)
  An orc priest (D:5)
  2 hounds
  A jelly (D:6)
  3 centaur skeletons
  Terence (D:3)
  An iguana (D:5)
  3 orc wizards
  2 hound skeletons (D:4)
  A howler monkey zombie (D:4)
  4 gnolls (D:2)
  2 howler monkey skeletons
  9 adders
  A shadow imp (D:5)
  A white imp (D:5)
  6 orcs
  11 ball pythons
  7 bats
  11 endoplasms
  4 giant cockroaches
  5 goblins
  14 hobgoblins
  10 jackals
  2 quokkas
  5 frilled lizards
  7 kobolds
  8 rats
129 creatures vanquished.

Vanquished Creatures (others)
  5 withered plants (D:2)
5 creatures vanquished.

Grand Total: 134 creatures vanquished

Notes
Turn   | Place    | Note
-------+----------+-------------------------------------------
     0 | D:1      | Wyvernaa the Troll Monk began the quest for the Orb.
     0 | D:1      | Reached XP level 1. HP: 22/22 MP: 0/0
   174 | D:1      | Reached XP level 2. HP: 29/29 MP: 1/1
   900 | D:2      | Reached XP level 3. HP: 36/36 MP: 2/2
   946 | D:2      | Reached skill level 4 in Unarmed Combat
   951 | D:2      | Reached XP level 4. HP: 37/44 MP: 3/3
  1066 | D:2      | Found a faded altar of an unknown god.
  1613 | D:3      | Reached XP level 5. HP: 48/50 MP: 4/4
  1654 | D:3      | Reached skill level 5 in Unarmed Combat
  1976 | D:3      | Noticed Terence
  1984 | D:3      | Killed Terence
  2377 | D:4      | Reached XP level 6. HP: 58/59 MP: 5/5
  2578 | D:4      | Identified the +1 leather armour of Broken Taboos {+Blink
                  | rElec}
  2740 | D:4      | Reached skill level 6 in Unarmed Combat
  2911 | D:5      | Entered Level 5 of the Dungeon
  2924 | D:5      | Found a staircase to the Ecumenical Temple.
  2938 | Temple   | Entered the Ecumenical Temple
  3213 | Temple   | Became a worshipper of Ru the Awakened
  3220 | Temple   | Gained mutation: You cannot train Armour skill. [Ru
                  | sacrifice]
  3220 | Temple   | Reached * piety under Ru
  3319 | D:5      | Noticed a water moccasin
  3326 | D:5      | Killed a water moccasin
  3327 | D:5      | Reached XP level 7. HP: 29/66 MP: 6/6
  3474 | D:5      | Found Lewkemoci's Serpentskin Sales.
  3479 | D:5      | Reached skill level 7 in Unarmed Combat
  3516 | D:5      | Identified the +10 short sword of Change {venom, Str+2}
  3810 | D:5      | Reached skill level 8 in Unarmed Combat
  4011 | D:6      | Reached XP level 8. HP: 75/75 MP: 7/7
  4142 | D:6      | Slain by a sky beast

Illustrated notes

Levels and vault maps discovered:
D:1:      tarquinn_simple_flora_water_d, layout_loops_corners, serial_bayou,
          serial_bayou_pond_b, serial_bayou_shore_b, serial_bayou_ford_a,
          serial_bayou_shore_a, st_stairs_13
D:2:      layout_rooms, ebering_ecumenical_altar_petrified,
          minmay_misc_feat_columns, corexii_corridor_pit
D:3:      layout_loops_ring, minmay_large_rounded_square,
          kennysheep_generic_room_13, uniq_terence
D:4:      layout_gridville
D:5:      layout_loops_ring, minmay_temple_entry_hall,
          chequers_serial_rivers_micro_a, guppyfry_shop_venom
D:6:      minmay_spotlight, layout_cave_pools
Temple:   nicolae_temple_the_god_donut

Skill      XL: |  1  2  3  4  5  6  7  8 |
---------------+-------------------------+-----
Unarmed Combat | 4 5 6 8 |  8.8
Dodging        | 3 4 |  4.1
Fighting       | 3 |  3.1
Stealth        | 2 |  2.2

Action                   |  1- 3 |  4- 6 |  7- 9 || total
-------------------------+-------+-------+-------++-------
Melee: Unarmed           |    85 |   178 |    73 ||   336
       Punch             |     2 |     1 |     1 ||     4
Invok: Sacrifice Durabil |       |     1 |       ||     1
  Use: Scroll            |       |     8 |     2 ||    10
 Stab: Sleeping          |     1 |     7 |     3 ||    11
Armor: Robe              |     7 |    43 |    20 ||    70
Dodge: Dodged            |    51 |    84 |    33 ||   168

Table legend: (Time is in decaauts)
 A = Elapsed time spent in this place.
 B = Non-inter-level travel time spent in this place.
 C = Inter-level travel time spent in this place.
 D = Time resting spent in this place.
 E = Time spent auto-exploring this place.
 F = Levels seen in this place.
 G = Mean time per level.
                   A        B        C        D        E       F      G
               +--------+--------+--------+--------+--------+-----+--------+
         Total |   4136 |   3957 |    179 |     77 |   3018 |   7 |  590.9 |
       Dungeon |   3846 |   3699 |    147 |     77 |   2787 |   6 |  641.0 |
        Temple |    289 |    257 |     32 |      0 |    231 |   1 |  289.0 |
               +--------+--------+--------+--------+--------+-----+--------+

Top non-repeatable levels by time:
     D:1: 919 daAuts
     D:5: 782 daAuts
     D:4: 750 daAuts
     D:2: 663 daAuts
     D:3: 584 daAuts
  Temple: 289 daAuts
     D:6: 146 daAuts
